 Dungeon Crawl Stone Soup version bcrawl-1.13.5 (webtiles) character file.

Game seed: 9235165108446479787

11 MisterOstroum the Poker (level 2, -2/25 HPs)
             Began as an Oni Skald on Aug 28, 2019.
             Slain by a leopard gecko (4 damage)
             ... on level 1 of the Dungeon.
             The game lasted 00:01:21 (934 turns).

MisterOstroum the Poker (Oni Skald)                  Turns: 934, Time: 00:01:22

Health: -2/25      AC:  3    Str: 14    XL:     2   Next: 25%
Magic:  4/6        EV: 11    Int: 14    God:
Gold:   52         SH:  0    Dex: 10    Spells: 3/4 levels left

rFire    . . .     SeeInvis .   a - +0 spear
rCold    . . .     Gourm    .   (no shield)
rNeg     . . .     Faith    .   b - +0 leather armour
rPois    .         Spirit   .   (helmet restricted)
rElec    .         Reflect  .   (no cloak)
rCorr    .         Harm     .   (no gloves)
MR       .....                  (no boots)
Stlth    +.........             (no amulet)
HPRegen  0.08/turn              (no ring)
MPRegen  0.10/turn              (no ring)

@: infused (expiring)
A: oni magic, claws 1, fangs 1, horns 1
a: no special abilities


You were on level 1 of the Dungeon.
You were not hungry.

You visited 1 branch of the dungeon, and saw 1 of its levels.

You collected 52 gold pieces.

Inventory:

Hand Weapons
 a - a +0 spear (weapon)
Armour
 b - a +0 leather armour (worn)
Scrolls
 d - a scroll of fear {!r}
Potions
 f - a potion of haste {unknown}
 g - a potion of brilliance {unknown}
Comestibles
 e - 4 rations {!d}


   Skills:
 * Level 2.3 Fighting
 * Level 2.3 Polearms
 - Level 0.8 Armour
 - Level 1.7 Dodging
 + Level 1.5 Spellcasting


You had 3 spell levels left.
You knew the following spells:

 Your Spells              Type           Power        Failure   Level  Hunger
a - Infusion              Chrm           #.......     16%         1    ##.....

Your spell library contained the following spells:

 Spells                   Type           Power        Failure   Level  Hunger
 Sandblast                Erth           #.....       16%         1    ##.....
 Song of Slaying          Chrm           #.......     22%         2    ###....
 Ozocubu's Armour         Chrm/Ice       #.......     45%         3    ####...
 Regeneration             Chrm/Necr      #.........   45%         3    ####...
 Spectral Weapon          Hex/Chrm       #.......     45%         3    ####...


Dungeon Overview and Level Annotations

Branches:
Dungeon (1/12)

Altars:


Innate Abilities, Weirdness & Mutations

You learn spells by gaining experience, not through books or religion.
You only train spellcasting to practice magic.
You have sharp fingernails.
You have very sharp teeth.
You have a pair of small horns on your head.


Message History

You hit the kobold.
You kill the kobold!
Your magical infusion is running out.
Things that are here:
a +0 short sword; a kobold corpse Attack whom?
Press: ? - help, Dir - move target cursor, f - leopard gecko
Aim: a leopard gecko You reach to attack!
You closely miss the leopard gecko. You barely miss the leopard gecko.
The leopard gecko closely misses you. The leopard gecko bites you.
You hit the leopard gecko. Your headbutt misses the leopard gecko.
The leopard gecko is moderately wounded.
The leopard gecko completely misses you.
You closely miss the leopard gecko. Your bite misses the leopard gecko.
The leopard gecko is moderately wounded.
The giant cockroach closely misses you. The leopard gecko barely misses you.
The giant cockroach closely misses you.
You barely miss the leopard gecko.
The leopard gecko is moderately wounded.
The leopard gecko bites you. The giant cockroach bites you.
You are too injured to fight recklessly!
You are too injured to fight recklessly!
You are too injured to fight recklessly!
You are too injured to fight recklessly!
You are too injured to fight recklessly!
You are too injured to fight recklessly!
You are too injured to fight recklessly!
You are too injured to fight recklessly!
You are too injured to fight recklessly!
You are too injured to fight recklessly!
You are too injured to fight recklessly!
You are too injured to fight recklessly!
You are too injured to fight recklessly!
You are too injured to fight recklessly!
You are too injured to fight recklessly!
You are too injured to fight recklessly!
You are too injured to fight recklessly!
You are too injured to fight recklessly!
You are too injured to fight recklessly!
You are too injured to fight recklessly!
You are too injured to fight recklessly!
You are too injured to fight recklessly!
You are no longer magically infusing your attacks.
You are too injured to fight recklessly!
You are too injured to fight recklessly!
You are too injured to fight recklessly!
You closely miss the leopard gecko.
The leopard gecko is moderately wounded.
The leopard gecko bites you but does no damage.
You miss the leopard gecko.
The leopard gecko is moderately wounded.
The leopard gecko bites you. x2
* * * LOW HITPOINT WARNING * * *
You closely miss the leopard gecko. Your headbutt misses the leopard gecko.
The leopard gecko is moderately wounded.
The leopard gecko closely misses you.
You barely miss the leopard gecko. Your headbutt misses the leopard gecko.
The leopard gecko is moderately wounded.
The leopard gecko closely misses you.
You miss the leopard gecko.
You bite the leopard gecko, but do no damage.
The leopard gecko is moderately wounded.
The leopard gecko barely misses you.
You hit the leopard gecko.
The leopard gecko is heavily wounded.
The leopard gecko closely misses you.
You closely miss the leopard gecko.
You headbutt the leopard gecko, but do no damage.
The leopard gecko is heavily wounded.
The leopard gecko bites you.
* * * LOW HITPOINT WARNING * * *
Press: ? - help, v - describe, . - travel, g - get item
Here: a leopard gecko (heavily wounded, clinging)
A +0 short sword.
There is something else lying underneath.
The floor, spattered with blood.
Unknown command.
The leopard gecko misses you.
Casting: Infusion (safe; 16% risk of failure)
Confirm with . or Enter, or press ? or * to list all spells.
You begin infusing your attacks with magical energy.
The leopard gecko bites you.
* * * LOW HITPOINT WARNING * * *
You barely miss the leopard gecko.
The leopard gecko is heavily wounded.
The leopard gecko barely misses you.
You miss the leopard gecko.
The leopard gecko is heavily wounded.
The leopard gecko bites you.
* * * LOW HITPOINT WARNING * * *
You hit the leopard gecko but do no damage.
The leopard gecko is heavily wounded.
The leopard gecko barely misses you.
You barely miss the leopard gecko. Your headbutt misses the leopard gecko.
The leopard gecko is heavily wounded.
Your magical infusion is running out.
The leopard gecko bites you but does no damage.
The leopard gecko bites you.
You die...

#....##'##....##'##....##'##..)
#.>..#...#....#...#....#...#..<
#....#...#....#...#....#...#...
l.######...######...######...####
...........................).....
.................................
......###...##########.####.##.#
...........)sl.....##. #.##.#
##..#.#...###@....+. ..##.#
.#.##........#####...# ##.##.#
........[.....# #.# #.##.#
.......#.##...# # #. #.#
...##.[#.##...... #.# ..
#$.#.#.......# ...
.........?..... ...
................
.s...####...##.#.


You could see a leopard gecko and a giant cockroach.

Vanquished Creatures
  A leopard gecko (D:1)
  A goblin (D:1)
  2 hobgoblins (D:1)
  3 kobolds (D:1)
  A frilled lizard (D:1)
8 creatures vanquished.

Notes
Turn   | Place    | Note
-------+----------+-------------------------------------------
     0 | D:1      | MisterOstroum the Oni Skald began the quest for the Orb.
     0 | D:1      | Reached XP level 1. HP: 17/17 MP: 4/4
   752 | D:1      | Reached XP level 2. HP: 14/24 MP: 3/6
   934 | D:1      | Slain by a leopard gecko

Action                   || total
-------------------------++-------
Melee: Spear             ||    55
       Headbutt          ||     5
       Bite              ||     3
 Cast: Infusion          ||     6
Armor: Leather armour    ||     3
Dodge: Dodged            ||    26
